[Event "*** Titled Tuesday Blitz"]
[Site "Chess.com"]
[Date "2020.05.26"]
[Round "4"]
[White "tan275"]
[Black "zurzan"]
[Result "1-0"]
[WhiteElo "2198"]
[BlackElo "1921"]
[TimeControl "180+1"]
[EndTime "10:37:08 PDT"]
[Termination "tan275 won by resignation"]

1. d4 d6 2. c4 f5 3. g3 Nf6 4.
Bg2 g6 5. Nf3 Bg7 6. O-O O-O 7.
Nc3 c6 8. Qc2 Na6 9. a3 Qe8 10.
e4 e5 11. dxe5 dxe5 12. b4 fxe4 13. Ng5 Bf5 14. Ngxe4 Nxe4 15. Nxe4 Rd8 16. Bg5 Rd4 17. Be3 Rd7 18. Rad1 b6 19. Qa4 Rxd1 20. Rxd1 Nc7 21. Nd6 Qe6 22. Nxf5 Qxf5 23. Qxc6 Ne8 24. Be4 Qh5 25.
Rd8 g5 26. Qe6+ Kh8 27. Bc6 Nc7 28. Rxf8+ Bxf8 29. Qxe5+ Kg8 30. Qxc7 Qd1+ 31. Kg2 Bd6 32. Bd5+ Kh8 33. Qxd6 1-0

[Event "*** Titled Tuesday Blitz"]
[Site "Chess.com"]
[Date "2020.05.26"]
[Round "4"]
[White "marszach123"]
[Black "AungTZ"]
[Result "0-1"]
[WhiteElo "2190"]
[BlackElo "1993"]
[TimeControl "180+1"]
[EndTime "10:37:09 PDT"]
[Termination "AungTZ won by resignation"]

1. e4 c5 2. Nf3 Nc6 3. d4 cxd4 4. Nxd4 Nf6 5. Nc3 d6 6. Bg5 e6 7.
Qd2 a6 8. Nxc6 bxc6 9. O-O-O Be7 10. Bxf6 gxf6 11. Bc4 Rb8 12. Bb3 O-O 13. Kb1 Kh8 14.
Qh6 Rg8 15. Rd3 Rg6 16. Qh5 Qg8 17. Rg3 d5 18. exd5 cxd5 19. Re1 Bd6 20. Rxg6 Qxg6 21. Qh4 Rb4 22. Qh3 Bb7 23. a3 Rxb3 24. Qe3 Bxa3 25. Qd4 Bxb2 0-1

[Event "*** Titled Tuesday Blitz"]
[Site "Chess.com"]
[Date "2020.05.26"]
[Round "4"]
[White "ErikRonka"]
[Black "KerryStead"]
[Result "1-0"]
[WhiteElo "2380"]
[BlackElo "2122"]
[TimeControl "180+1"]
[EndTime "10:37:11 PDT"]
[Termination "ErikRonka won on time"]

1. e4 d5 2. exd5 Nf6 3. d4 Bg4 4. Bb5+ Nbd7 5. f3 Bf5 6. Nc3 a6 7. Ba4 b5 8. Bb3 Nb6 9. Nge2 Nfxd5 10. Nxd5 Nxd5 11. Ng3 Bg6 12. O-O e6 13. f4 h6 14.
f5 exf5 15. Nxf5 Bxf5 16. Rxf5 c6 17. Bxd5 cxd5 18. Qf3 f6 19. Qh5+ Kd7 20. Rxd5+ Bd6 21. Bf4 Kc6 22. Rxd6+ Qxd6 23. Bxd6 Kxd6 24. Qg4 Ra7 25.
Re1 Rd8 26. Re6+ Kc7 27. Re7+ Kb8 28. Rxa7 1-0

[Event "*** Titled Tuesday Blitz"]
[Site "Chess.com"]
[Date "2020.05.26"]
[Round "4"]
[White "Dmitry_M1"]
[Black "PetrolulSah"]
[Result "0-1"]
[WhiteElo "2390"]
[BlackElo "2214"]
[TimeControl "180+1"]
[EndTime "10:37:12 PDT"]
[Termination "PetrolulSah won by resignation"]

1. d4 Nf6 2. c4 c6 3. Nf3 d5 4. Nc3 dxc4 5. a4 Bf5 6. e3 e6 7.
Bxc4 Nbd7 8. O-O Bb4 9. Qe2 O-O 10. e4 Bg4 11. Bg5 Nb6 12. e5 h6 13. exf6 hxg5 14.
fxg7 Kxg7 15. Bb3 Qf6 16. Rad1 Bxf3 17. gxf3 Nd5 18. Ne4 Qf4 19. Ng3 Rh8 20. Bxd5 cxd5 21. Kg2 Qh4 22. Rh1 Qh3+ 23. Kg1 Bd6 24. Rc1 Rac8 25. Qd2 Bf4 0-1

[Event "*** Titled Tuesday Blitz"]
[Site "Chess.com"]
[Date "2020.05.26"]
[Round "4"]
[White "tvjosue"]
[Black "witcher8"]
[Result "1-0"]
[WhiteElo "2597"]
[BlackElo "2385"]
[TimeControl "180+1"]
[EndTime "10:37:13 PDT"]
[Termination "tvjosue won by checkmate"]

1. e4 c6 2. d4 d5 3. e5 Bf5 4. h4 Qb6 5. c3 h5 6. Bd3 Bxd3 7.
Qxd3 e6 8. Ne2 c5 9. O-O Nc6 10. Nd2 Nh6 11. Nf3 Nf5 12. Bg5 cxd4 13. cxd4 Be7 14. a3 Bxg5 15. hxg5 g6 16. b4 Rc8 17.
Rfc1 Kd7 18. Rc5 Nb8 19. Rac1 Na6 20. R5c3 Rc7 21. b5 Rxc3 22. Nxc3 Nc7 23. Na4 Qa5 24. Nc5+ Ke7 25. a4 Na8 26. Nxb7 Qxa4 27. Nd6 Nxd6 28.
exd6+ Kxd6 29. Ne5 Rb8 30. Nxf7+ Ke7 31. Ne5 Qxb5 32.
Qf3 Qb2 33. Qf7+ Kd6 34. Qd7# 1-0

[Event "*** Titled Tuesday Blitz"]
[Site "Chess.com"]
[Date "2020.05.26"]
[Round "4"]
[White "Tlerus"]
[Black "WeAintSurePal"]
[Result "1-0"]
[WhiteElo "2595"]
[BlackElo "2324"]
[TimeControl "180+1"]
[EndTime "10:37:13 PDT"]
[Termination "Tlerus won by checkmate"]

1. e4 c6 2. d4 d5 3. Bf4 dxe4 4. Nc3 Nf6 5. f3 exf3 6. Nxf3 Bg4 7. Bd3 e6 8. Qd2 Bb4 9. O-O-O Nd5 10. Bc4 Bxc3 11.
bxc3 Qa5 12. Kb2 Nd7 13. Bb3 N7f6 14. Rhe1 O-O-O 15. Bg3 Bf5 16. Ne5 Rhf8 17. Nc4 Qa6 18. Nd6+ Rxd6 19. Bxd6 Rd8 20. Bg3 Ne4 21. Rxe4 Bxe4 22.
Re1 Bg6 23. c4 Nb6 24. Qf4 Kd7 25. d5 cxd5 26. cxd5 Qa5 27. dxe6+ fxe6 28. Bxe6+ Ke8 29. Bd7+ Kxd7 30. Qc7# 1-0

[Event "*** Titled Tuesday Blitz"]
[Site "Chess.com"]
[Date "2020.05.26"]
[Round "4"]
[White "Nikolaj_6"]
[Black "Hydrargyrum_Girl"]
[Result "0-1"]
[WhiteElo "2519"]
[BlackElo "2354"]
[TimeControl "180+1"]
[EndTime "10:37:13 PDT"]
[Termination "Hydrargyrum_Girl won by resignation"]

1. e4 c5 2. Nf3 e6 3. c3 Nf6 4. e5 Nd5 5. d4 cxd4 6. cxd4 Bb4+ 7. Bd2 Bxd2+ 8. Qxd2 d6 9. Bd3 Nc6 10. O-O O-O 11.
Nc3 dxe5 12. dxe5 Ndb4 13. Rad1 Nxd3 14. Qxd3 Qxd3 15. Rxd3 b6 16. Rfd1 Ne7 17. Ng5 Ng6 18. Re1 Bb7 19. g3 Rad8 20. Rxd8 Rxd8 21. f4 Rd2 22. Re2 Rxe2 23. Nxe2 h6 24. Nh3 Ne7 25. Nc3 Kf8 26. Kf2 Ke8 27. Ke3 Kd7 28. Nf2 Nf5+ 29.
Kd3 Ba6+ 30. Kd2 Bb7 31. g4 Nh4 32. Ke2 f6 33. exf6 gxf6 34. h3 e5 35. fxe5 fxe5 36. Kd3 Ng2 37. Nce4 Nf4+ 38. Ke3 Ke6 39. h4 Ng2+ 40. Kf3 Nxh4+ 41. Kg3 Ng6 42. Nc3 Nf4 43. Kh4 a6 44. g5 hxg5+ 45. Kxg5 b5 46. b4 Nd5 47.
Nxd5 Bxd5 48. a3 Bf3 49. Kh4 Kd5 50. Kg3 e4 51. Kf4 Kc4 52. Ke3 Kb3 53. Kd4 Kxa3 54. Kc3 e3 55. Nd3 e2 56. Ne1 Be4 57. Kd2 Kxb4 58.
Kxe2 a5 59. Kd2 a4 60. Kc1 Kb3 0-1

[Event "*** Titled Tuesday Blitz"]
[Site "Chess.com"]
[Date "2020.05.26"]
[Round "4"]
[White "Charlottemillard17"]
[Black "freshfoodcompany"]
[Result "0-1"]
[WhiteElo "1451"]
[BlackElo "2217"]
[TimeControl "180+1"]
[EndTime "10:37:13 PDT"]
[Termination "freshfoodcompany won by checkmate"]

1. e4 c5 2. Nf3 Nc6 3. d4 cxd4 4. Nxd4 Nf6 5. Nc3 e5 6. Nb3 Bb4 7.
Bd3 O-O 8. Bd2 d6 9. a3 Bxc3 10. Bxc3 Be6 11. Nd2 d5 12. O-O d4 13. Bb4 Nxb4 14.
axb4 Qd6 15. Nc4 Bxc4 16. Bxc4 Nxe4 17. Qd3 Nf6 18. c3 Rfd8 19. Rfd1 Qb6 20. cxd4 Rxd4 21.
Qb3 Rf8 22. h3 Ne4 23. Bd5 Rxd1+ 24. Rxd1 Nxf2 25. Kh2 Nxd1 26. Qxd1 Rd8 27. Qf3 Qf6 28. Qe4 Qf4+ 29. Qxf4 exf4 30. Bxb7 Rb8 31. Bf3 Rxb4 32. h4 Rxb2 33. Kh3 a5 34. Kg4 a4 35. Kxf4 a3 36. Kg4 a2 37. g3 a1=Q 38. Kg5 Rb4 39. g4 Qe5# 0-1

[Event "*** Titled Tuesday Blitz"]
[Site "Chess.com"]
[Date "2020.05.26"]
[Round "4"]
[White "BaMBoMaTTo"]
[Black "Piotrek1979"]
[Result "1-0"]
[WhiteElo "2680"]
[BlackElo "2411"]
[TimeControl "180+1"]
[EndTime "10:37:14 PDT"]
[Termination "BaMBoMaTTo won by resignation"]

1. e4 c6 2. d4 d5 3. e5 Bf5 4. Nf3 e6 5. Be2 Nd7 6. O-O Ne7 7. Nbd2 h6 8. Nb3 b6 9. a4 a5 10. Nh4 Be4 11. f3 Bxc2 12. Qxc2 g5 13.
Nf5 exf5 14. f4 g4 15. Bd3 g3 16. h3 Bg7 17. Bxf5 Nf8 18. Bd3 Qc7 19. f5 f6 20.
e6 Nh7 21. Bf4 Qb7 22. h4 h5 23. Rf3 Nf8 24. Qd2 O-O-O 25. Rc1 1-0

[Event "*** Titled Tuesday Blitz"]
[Site "Chess.com"]
[Date "2020.05.26"]
[Round "4"]
[White "PauloFanha"]
[Black "Walter_White_Poland"]
[Result "1-0"]
[WhiteElo "1987"]
[BlackElo "2184"]
[TimeControl "180+1"]
[EndTime "10:37:15 PDT"]
[Termination "PauloFanha won on time"]

1. e4 e5 2. Bc4 Nf6 3. d4 exd4 4.
Nf3 Nc6 5. O-O Nxe4 6. Re1 d5 7.
Bxd5 Qxd5 8. Nc3 Qa5 9. Nxe4 Be6 10. Bd2 Bb4 11. Neg5 Bxd2 12. Qxd2 Qxd2 13. Nxd2 Kd7 14. Rad1 h6 15. Nxe6 fxe6 16. Nf3 Rad8 17. Nxd4 Nxd4 18. Rxd4+ Ke7 19. Red1 Rxd4 20. Rxd4 Rd8 21.
Rxd8 Kxd8 22. Kf1 Ke7 23. Ke2 Kd6 24. Ke3 Kd5 25. f4 b5 26. c3 c5 27. b3 h5 28. g3 g6 29. h3 a5 30. a3 c4 31.
b4 1-0

[Event "*** Titled Tuesday Blitz"]
[Site "Chess.com"]
[Date "2020.05.26"]
[Round "4"]
[White "Aleksandar-Topalov"]
[Black "Kapibara_Warri0r"]
[Result "1-0"]
[WhiteElo "2364"]
[BlackElo "2084"]
[TimeControl "180+1"]
[EndTime "10:37:16 PDT"]
[Termination "Aleksandar-Topalov won on time"]

1. b3 d5 2. Bb2 Nf6 3. Nf3 e6 4. e3 c5 5. d4 Nc6 6. Nbd2 Ne4 7. Bd3 f5 8. O-O Qc7 9. c4 Bd6 10. cxd5 exd5 11. dxc5 Bxc5 12. Rc1 Bd6 13. g3 O-O 14. Nd4 Nxd2 15. Qxd2 Nxd4 16. Bxd4 Qe7 17. Rc2 b6 18. Rfc1 Bb7 19. Qe2 Rac8 20. Rxc8 Rxc8 21. Rxc8+ Bxc8 22. Qc2 Qc7 23. Bxf5 Bxf5 24. Qxf5 Qc6 25. Qe6+ Kf8 26. Kg2 Qc7 27. Qxd5 Bc5 28. h4 Bxd4 29. exd4 Qe7 30. Qf5+ Kg8 31. d5 Qb7 32. Qe6+ 1-0

[Event "*** Titled Tuesday Blitz"]
[Site "Chess.com"]
[Date "2020.05.26"]
[Round "4"]
[White "K_A_S_T_O_R"]
[Black "JulAnt"]
[Result "1-0"]
[WhiteElo "2717"]
[BlackElo "2416"]
[TimeControl "180+1"]
[EndTime "10:37:18 PDT"]
[Termination "K_A_S_T_O_R won by resignation"]

1. e4 c5 2. Nf3 e6 3. d4 cxd4 4. Nxd4 Nf6 5. Nc3 d6 6. g3 Be7 7. Bg2 O-O 8. O-O Nc6 9. Nde2 a6 10. a4 Bd7 11. h3 Qc7 12. g4 Be8 13. g5 Nd7 14. f4 f6 15. h4 Bh5 16. Bh3 Nc5 17. Be3 fxg5 18. hxg5 Kh8 19. Qd2 Rad8 20. Ng3 Bf7 21. Qf2 b6 22. Rad1 d5 23. exd5 exd5 24. Nge2 Qb7 25. Bg2 Nb4 26. Ng3 Rd7 27. f5 Rfd8 28.
f6 gxf6 29. Bd4 Ne6 30. Bxf6+ Bxf6 31. Qxf6+ Kg8 32. Nf5 1-0

[Event "*** Titled Tuesday Blitz"]
[Site "Chess.com"]
[Date "2020.05.26"]
[Round "4"]
[White "12teen"]
[Black "SCIM"]
[Result "1-0"]
[WhiteElo "2729"]
[BlackElo "2515"]
[TimeControl "180+1"]
[EndTime "10:37:19 PDT"]
[Termination "12teen won by resignation"]

1. g3 Nf6 2. Bg2 d5 3. d3 c6 4. Nc3 g6 5. Bd2 Bg7 6. e4 O-O 7. e5 Nfd7 8. f4 e6 9. Nce2 b5 10. d4 a5 11. Nf3 b4 12. g4 Na6 13. h4 c5 14. Be3 cxd4 15. Nexd4 Nac5 16. h5 Ne4 17. h6 Bh8 18. O-O Ba6 19. Re1 Rc8 20.
Nd2 Ndc5 21. Nxe4 Nxe4 22. Bxe4 dxe4 23. g5 Qc7 24. Bf2 Rfd8 25. Qg4 e3 26. Bxe3 Bb7 27. Rad1 Qc4 28. Rd2 Qxa2 29. b3 Rxd4 30. Rxd4 Qxc2 31. Rc1 Qxc1+ 32. Bxc1 Rxc1+ 33. Kf2 Bd5 34. Rxd5 exd5 35.
Qd7 1-0

[Event "*** Titled Tuesday Blitz"]
[Site "Chess.com"]
[Date "2020.05.26"]
[Round "4"]
[White "GasconJR"]
[Black "Roenko_Artur"]
[Result "1-0"]
[WhiteElo "2469"]
[BlackElo "2294"]
[TimeControl "180+1"]
[EndTime "10:37:19 PDT"]
[Termination "GasconJR won by resignation"]

1. d4 d5 2. Bf4 e6 3. e3 c5 4. Nf3 Nc6 5. Nbd2 Nf6 6. c3 Bd6 7. Bg3 O-O 8. Bd3 b6 9. e4 dxe4 10.
Nxe4 Nxe4 11. Bxe4 Bb7 12. dxc5 Bxc5 13. Qa4 Qc8 14. Bxh7+ Kxh7 15. Qh4+ Kg8 16. Ng5 Rd8 17. Qh7+ Kf8 18. Qh8+ Ke7 19. Qxg7 Rf8 20. Rd1 a5 21.
Bh4 Ke8 22. Nh7 Qc7 23. Nf6+ Ke7 24. Nd5+ Kd7 25. Nxc7+ Kxc7 26. Bg3+ Kc8 27. Bd6 Bxd6 28. Rxd6 Kc7 29. Rd1 Ne7 30. Qe5+ Kc8 31. O-O 1-0

[Event "*** Titled Tuesday Blitz"]
[Site "Chess.com"]
[Date "2020.05.26"]
[Round "4"]
[White "Ariadna_Atreides"]
[Black "EndGameDestroyer"]
[Result "1-0"]
[WhiteElo "2075"]
[BlackElo "2274"]
[TimeControl "180+1"]
[EndTime "10:37:19 PDT"]
[Termination "Ariadna_Atreides won by resignation"]

1. d4 Nf6 2. Nf3 e6 3. e3 b6 4. Bd3 Bb7 5. Nbd2 Be7 6. e4 c5 7.
c3 d5 8. e5 Ne4 9. Qe2 Nxd2 10.
Bxd2 Nd7 11. O-O O-O 12. Ne1 Bg5 13. f4 Bh6 14. f5 Bxd2 15. Qxd2 cxd4 16. cxd4 Qh4 17.
Rf4 Qh6 18. Qf2 Rac8 19. Rh4 Qg5 20. fxe6 fxe6 21. Bxh7+ Kh8 22. Bf5+ Qh6 23. Rxh6+ gxh6 24. Qh4 exf5 25. Qxh6+ Kg8 26. Nf3 Rc7 27. Ng5 Nb8 28. Ne6 1-0

[Event "*** Titled Tuesday Blitz"]
[Site "Chess.com"]
[Date "2020.05.26"]
[Round "4"]
[White "m-garcett"]
[Black "chiwii"]
[Result "0-1"]
[WhiteElo "1981"]
[BlackElo "2216"]
[TimeControl "180+1"]
[EndTime "10:37:21 PDT"]
[Termination "chiwii won by resignation"]

1. e4 c5 2. Nf3 e6 3. d4 cxd4 4. Nxd4 a6 5. Bd3 Bc5 6. Nb3 Ba7 7. O-O Nf6 8. e5 Nd5 9. a3 Nc6 10. c4 Nde7 11. Qe2 Ng6 12. Bxg6 hxg6 13. Nc3 Qh4 14. h3 g5 15. c5 Bb8 16. Ne4 Bxe5 17. Bxg5 Qh7 18.
Nd6+ Bxd6 19. cxd6 O-O 20. Rad1 b5 21. Nc5 Qf5 22. Qe3 Ne5 23. Be7 Re8 24. b3 Ng6 25. Rd4 Qxc5 26. Rg4 Qxe3 27. fxe3 Nxe7 28. dxe7 Rxe7 29.
Rf3 f5 30. Rg6 Bb7 31. Rfg3 Rc8 32. h4 Rc1+ 33. Kh2 Rc3 34. h5 f4 35. exf4 Rxg3 36. Kxg3 Bc6 37. Kg4 Kh7 38. Kg5 Rf7 39. h6 Rf5+ 0-1

[Event "*** Titled Tuesday Blitz"]
[Site "Chess.com"]
[Date "2020.05.26"]
[Round "4"]
[White "Saloni1299"]
[Black "MartinCerveny"]
[Result "0-1"]
[WhiteElo "2301"]
[BlackElo "2509"]
[TimeControl "180+1"]
[EndTime "10:37:22 PDT"]
[Termination "MartinCerveny won by resignation"]

1. e4 c5 2. Nf3 d6 3. d4 cxd4 4.
Nxd4 Nf6 5. Nc3 a6 6. Be3 e5 7. Nb3 Be6 8. f3 Nbd7 9. Qd2 b5 10. g4 Nb6 11. Na5 Qc7 12. Qf2 Na4 13. Nxa4 Qxa5+ 14. Nc3 Qc7 15. Bd3 Be7 16. g5 Nh5 17. Nd5 Bxd5 18. exd5 O-O 19. O-O-O g6 20. h4 b4 21. Be4 a5 22. Kb1 a4 23. f4 f5 24. gxf6 Bxf6 25.
f5 Bg7 26. Rdf1 a3 27. Qg2 axb2 28. fxg6 h6 29. Qg4 Rfc8 30. Rf7 Qc4 31. Kxb2 Rxa2+ 32. Kb1 Rca8 33. Kc1 Qc3 34. Kd1 Qxe3 35. Rxg7+ Nxg7 0-1

[Event "*** Titled Tuesday Blitz"]
[Site "Chess.com"]
[Date "2020.05.26"]
[Round "4"]
[White "ZuchBolt"]
[Black "luizwas"]
[Result "1-0"]
[WhiteElo "2231"]
[BlackElo "1829"]
[TimeControl "180+1"]
[EndTime "10:37:22 PDT"]
[Termination "ZuchBolt won by checkmate"]

1. d4 e6 2. e4 d5 3. Nc3 Bb4 4. e5 c5 5. a3 Bxc3+ 6. bxc3 Qc7 7. Nf3 Ne7 8. h4 Nbc6 9. h5 h6 10. Rh3 Nf5 11. g4 Nfe7 12. g5 Bd7 13. a4 O-O-O 14.
Ba3 Na5 15. Bxc5 b6 16. Bb4 Nf5 17. Bxa5 bxa5 18. Ba6+ Kb8 19. Rb1+ Ka8 20. Bb7+ Qxb7 21. Rxb7 Kxb7 22. Nd2 hxg5 23. Nb3 Kc7 24. Nxa5 Rb8 25.
Nb3 Bxa4 26. Qa1 Bxb3 27. Qxa7+ Rb7 28. Qc5+ Kd7 29. cxb3 Rc8 30. Qa3 Rxc3 31. Rxc3 Nxd4 32. Qa4+ Nb5 33. Rc5 Ke7 34. Rxb5 g6 35. Rxb7+ Kf8 36.
h6 Kg8 37. Qe8+ Kh7 38. Qxf7+ Kxh6 39. Qh7# 1-0

[Event "*** Titled Tuesday Blitz"]
[Site "Chess.com"]
[Date "2020.05.26"]
[Round "4"]
[White "Ashedu66"]
[Black "Jadeit90"]
[Result "0-1"]
[WhiteElo "2164"]
[BlackElo "2320"]
[TimeControl "180+1"]
[EndTime "10:37:24 PDT"]
[Termination "Jadeit90 won on time"]

1. d4 g6 2. e4 Bg7 3. Nc3 c5 4. d5 d6 5. Bb5+ Bd7 6. a4 Nf6 7. Nf3 O-O 8. h3 e6 9. O-O exd5 10. exd5 Na6 11. Bf4 Bf5 12. Re1 Nb4 13. Rc1 a6 14. Bf1 Rb8 15. Qd2 b5 16. axb5 axb5 17. g4 Bc8 18.
Bxb5 Nfxd5 19. Nxd5 Rxb5 20. Ne7+ Kh8 21. c3 Bb7 22.
Ng5 Nc6 23. Bxd6 Nxe7 24. Rxe7 Qa8 25. Nxf7+ Kg8 26. Qe3 Bh1 27. f3 Bxf3 28. Qe6 Bd5 29. Nh6+ Kh8 30. Qd7 Rb7 0-1

[Event "*** Titled Tuesday Blitz"]
[Site "Chess.com"]
[Date "2020.05.26"]
[Round "4"]
[White "Firouzja2003"]
[Black "talman67"]
[Result "1-0"]
[WhiteElo "3168"]
[BlackElo "2565"]
[TimeControl "180+1"]
[EndTime "10:37:25 PDT"]
[Termination "Firouzja2003 won on time"]

1. d4 Nf6 2. c4 e6 3. Nf3 b6 4. Nc3 Bb4 5. Qc2 Bb7 6. a3 Bxc3+ 7. Qxc3 Ne4 8. Qc2 f5 9. Bf4 d6 10. e3 g5 11. Bg3 h5 12. h4 g4 13. Ng5 Nxg5 14.
hxg5 Qxg5 15. c5 Qe7 16. Bb5+ Kf8 17. cxd6 cxd6 18. Bh4 Qf7 19. O-O Kg7 20. Rac1 Ba6 21. Bxa6 Nxa6 22. Qc6 d5 23. Bg3 Rhc8 24. Qxc8 Rxc8 25.
Be5+ Kg6 26. Rxc8 h4 27. Rfc1 Qb7 28. Rg8+ Kh6 29. Rcc8 1-0

[Event "*** Titled Tuesday Blitz"]
[Site "Chess.com"]
[Date "2020.05.26"]
[Round "4"]
[White "emperor87"]
[Black "Tashik"]
[Result "1-0"]
[WhiteElo "2616"]
[BlackElo "2447"]
[TimeControl "180+1"]
[EndTime "10:37:26 PDT"]
[Termination "emperor87 won on time"]

1. e4 e5 2. Nf3 Nc6 3. Bc4 Bc5 4. O-O Nf6 5. d3 O-O 6. Re1 h6 7. c3 d6 8. a4 a5 9. Na3 Bb6 10. Nc2 Ne7 11. h3 Ng6 12. d4 Re8 13. d5 Nh7 14.
Be3 f5 15. Bxb6 cxb6 16. exf5 Bxf5 17. Ne3 Bd7 18. Nd2 Nf4 19. Ne4 Qe7 20. Bf1 Rf8 21. Nc4 Ng5 22. Nxb6 Bxh3 23. Nxa8 Nxe4 24. Rxe4 Qg5 25.
Qf3 Nxg2 26. Qxh3 Nf4+ 27. Qg3 Qf5 28. Bg2 Rf6 29. Rxf4 exf4 30. Qf3 Rg6 31. Re1 h5 32.
Nc7 h4 33. Kh2 Qg5 34. Bh3 Kh7 35. Ne6 Qf6 36. Qxf4 1-0

[Event "*** Titled Tuesday Blitz"]
[Site "Chess.com"]
[Date "2020.05.26"]
[Round "4"]
[White "Julianos82"]
[Black "BlackWidow515"]
[Result "1-0"]
[WhiteElo "2307"]
[BlackElo "2117"]
[TimeControl "180+1"]
[EndTime "10:37:26 PDT"]
[Termination "Julianos82 won by resignation"]

1. d4 d5 2. Bf4 Nf6 3. e3 e6 4. Bd3 b6 5. Nd2 Bb7 6. c3 Nbd7 7. Ngf3 Bd6 8. Ne5 Qe7 9. O-O c5 10. Qf3 Nf8 11. Bb5+ N6d7 12. Qg3 Bxe5 13. Bxe5 a6 14. Qxg7 Ng6 15. Bf6 Qd6 16. Be5 Qe7 17. Bxd7+ Kxd7 18. f4 Rag8 19. Qf6 Qf8 20. Nf3 h6 21. f5 Nxe5 22.
Nxe5+ Kc8 23. fxe6 Rg5 24. Nxf7 1-0

[Event "*** Titled Tuesday Blitz"]
[Site "Chess.com"]
[Date "2020.05.26"]
[Round "4"]
[White "mishikomchedlishvili"]
[Black "Sammed_Shete"]
[Result "1-0"]
[WhiteElo "2829"]
[BlackElo "2537"]
[TimeControl "180+1"]
[EndTime "10:37:27 PDT"]
[Termination "mishikomchedlishvili won by resignation"]

1. d4 Nf6 2. Bg5 e6 3. e4 Be7 4. e5 Nd5 5. Bxe7 Qxe7 6. c4 Qb4+ 7. Nd2 Nb6 8. Qc2 d6 9. a3 Qa5 10. b4 Qa4 11. Qb2 dxe5 12. dxe5 a5 13. b5 N8d7 14. Bd3 Nc5 15. Qc3 Nxd3+ 16. Qxd3 Bd7 17. Ngf3 O-O-O 18. Qc3 c6 19. O-O cxb5 20. Rab1 Kb8 21. Rfc1 Rc8 22. Qd4 Rc6 23. c5 Nd5 24. Ne4 Rhc8 25. Qd3 b4 26. axb4 Nxb4 27. Qxd7 Rxc5 28.
Nxc5 1-0

[Event "*** Titled Tuesday Blitz"]
[Site "Chess.com"]
[Date "2020.05.26"]
[Round "4"]
[White "DortmundCity"]
[Black "Siemba"]
[Result "1-0"]
[WhiteElo "2584"]
[BlackElo "2284"]
[TimeControl "180+1"]
[EndTime "10:37:30 PDT"]
[Termination "DortmundCity won by checkmate"]

1. e4 e6 2. d4 d5 3. e5 c5 4. c3 Nc6 5. Be3 Qb6 6. Qd2 cxd4 7.
cxd4 Nge7 8. Nc3 Nf5 9. Bd3 Nxe3 10. fxe3 Be7 11. Nh3 f6 12. exf6 Bxf6 13. O-O O-O 14. Qc2 h6 15. Nf4 Ne7 16. Rf3 Bd7 17. Raf1 Rad8 18.
Nh5 Nf5 19. Bxf5 exf5 20. Nxd5 Qd6 21. Ndxf6+ gxf6 22. Rg3+ Kh8 23. Rg6 Kh7 24. Rg7+ Kh8 25. Rxf5 Rc8 26. Rc5 Rxc5 27. Qh7# 1-0

[Event "*** Titled Tuesday Blitz"]
[Site "Chess.com"]
[Date "2020.05.26"]
[Round "4"]
[White "Joshukid"]
[Black "2nd_life"]
[Result "1-0"]
[WhiteElo "2627"]
[BlackElo "2462"]
[TimeControl "180+1"]
[EndTime "10:37:31 PDT"]
[Termination "Joshukid won by resignation"]

1. d4 Nf6 2. Nc3 e6 3. Bf4 Bb4 4. e3 Nd5 5. Ne2 Nxf4 6. exf4 b6 7. a3 Be7 8. g3 Bb7 9. d5 exd5 10. Nxd5 c6 11.
Ne3 d5 12. Bg2 O-O 13. O-O Nd7 14. c3 Nf6 15. Nd4 Re8 16. Re1 Bf8 17. Qc2 Qc7 18.
Rad1 a6 19. h4 Rad8 20. Nf3 Ne4 21. Ne5 f6 22. Bxe4 dxe4 23. Qb3+ Rd5 24. Rxd5 cxd5 25.
Nxd5 1-0

[Event "*** Titled Tuesday Blitz"]
[Site "Chess.com"]
[Date "2020.05.26"]
[Round "4"]
[White "manuellarrea"]
[Black "cioxminator"]
[Result "1-0"]
[WhiteElo "2168"]
[BlackElo "2422"]
[TimeControl "180+1"]
[EndTime "10:37:31 PDT"]
[Termination "manuellarrea won by resignation"]

1. e4 d5 2. exd5 Nf6 3. c4 c6 4. d4 cxd5 5. Nc3 g6 6. cxd5 Bg7 7. Bb5+ Nbd7 8. d6 O-O 9. dxe7 Qxe7+ 10. Nge2 a6 11.
Bd3 b5 12. a3 Bb7 13. O-O Nb6 14. Re1 Rac8 15. Bg5 Qd6 16. Bf4 Qd7 17. Be5 Nc4 18. Bxc4 Rxc4 19. Rc1 Rfc8 20. Ng3 Nd5 21. Bxg7 Kxg7 22. Qd2 Nxc3 23. bxc3 Qc6 24. f3 Rxc3 25. Rxc3 Qxc3 26. Nh5+ Kg8 27. Qxc3 gxh5 28. Qxc8+ Bxc8 29. Re8+ Kg7 30. Rxc8 Kf6 31. Rc6+ Kf5 32. Rxa6 Kf4 33. Rb6 Ke3 34. Rxb5 1-0

[Event "*** Titled Tuesday Blitz"]
[Site "Chess.com"]
[Date "2020.05.26"]
[Round "4"]
[White "Boudicca64"]
[Black "CroissantNeuf"]
[Result "0-1"]
[WhiteElo "1990"]
[BlackElo "2350"]
[TimeControl "180+1"]
[EndTime "10:37:32 PDT"]
[Termination "CroissantNeuf won on time"]

1. e4 c6 2. d4 d5 3. e5 Bf5 4. Nf3 e6 5. Be2 Ne7 6. a3 c5 7. dxc5 Nd7 8. b4 a5 9. Bb2 axb4 10. axb4 Rxa1 11. Bxa1 Nc6 12. Qd2 Qa8 13. Bb2 Qa2 14. Qc1 Nxb4 15. O-O Bxc5 16. Nc3 Qa5 17. Nb5 O-O 18. Nbd4 Be4 19. Nb3 Qc7 20. Nxc5 Nxc5 21. Ba3 Nxc2 22. Nd2 Nxa3 23. Qxa3 Qb6 0-1

[Event "*** Titled Tuesday Blitz"]
[Site "Chess.com"]
[Date "2020.05.26"]
[Round "4"]
[White "Zarikovs1999"]
[Black "powermove"]
[Result "1-0"]
[WhiteElo "2345"]
[BlackElo "1753"]
[TimeControl "180+1"]
[EndTime "10:37:32 PDT"]
[Termination "Zarikovs1999 won by resignation"]

1. e4 c5 2. Nf3 g6 3. d4 cxd4 4. Qxd4 Nf6 5. e5 Nc6 6. Qa4 Nd5 7. c4 Nb6 8. Qb3 d6 9. exd6 Qxd6 10.
Be2 Bg7 11. O-O O-O 12. Nc3 Qb4 13. Qc2 Bf5 14. Ne4 e5 15. a3 Qe7 16. Bg5 f6 17.
Be3 Rfd8 18. Nh4 Bxe4 19. Qxe4 Nd4 20. Rfe1 f5 21. Nxf5 gxf5 22. Qb1 Nb3 23. Qxf5 Nxa1 24. Rxa1 Qf7 25. Qe4 Rac8 26. b3 Qg6 27. Qxb7 e4 28.
Rf1 Rd7 29. Qa6 h5 30. Bxb6 axb6 31. Qxc8+ 1-0

[Event "*** Titled Tuesday Blitz"]
[Site "Chess.com"]
[Date "2020.05.26"]
[Round "4"]
[White "temus_galaktionov"]
[Black "AwareIdea"]
[Result "1-0"]
[WhiteElo "2706"]
[BlackElo "2504"]
[TimeControl "180+1"]
[EndTime "10:37:33 PDT"]
[Termination "temus_galaktionov won by resignation"]

1. d4 d5 2. Nf3 Nf6 3. c4 e6 4.
Nc3 Bb4 5. cxd5 exd5 6. Bg5 h6 7. Bxf6 Qxf6 8. e3 c6 9. Bd3 Bg4 10. h3 Bxf3 11. Qxf3 Qxf3 12. gxf3 Bxc3+ 13. bxc3 Nd7 14. Rb1 b5 15. a4 a6 16. e4 Nb6 17. a5 Nc4 18.
Bxc4 dxc4 19. Rg1 g6 20. Kd2 O-O-O 21. Kc2 Rhe8 22. Rbd1 Kc7 23. Kb2 Re6 24. Ka3 Rf6 25. Rg3 h5 26. h4 Rf4 27. Rh3 Rd6 28. e5 Rd5 29. Re1 Kd7 30. Re4 Rf5 31. f4 Ke6 32.
Rhe3 Rd8 33. Kb4 Rd5 34. f3 Ke7 35. Re2 Ke6 36. Rg2 Ke7 37. Rg1 Ke6 38. Rg5 Rxg5 39. fxg5 Kf5 40. Re1 Ke6 41. Re2 Kf5 42. Re4 Ke6 43.
Rf4 c5+ 44. dxc5 Rxe5 45. Rf6+ Ke7 46. Rxa6 Rf5 47. Rb6 Rxf3 48. a6 1-0

[Event "*** Titled Tuesday Blitz"]
[Site "Chess.com"]
[Date "2020.05.26"]
[Round "4"]
[White "vinniethepooh"]
[Black "Parhamov"]
[Result "0-1"]
[WhiteElo "2564"]
[BlackElo "3090"]
[TimeControl "180+1"]
[EndTime "10:37:34 PDT"]
[Termination "Parhamov won by resignation"]

1. Nf3 d5 2. g3 c6 3. Bg2 Bg4 4. O-O Nd7 5. d3 e6 6. c4 Bd6 7. Nbd2 Ne7 8. b3 O-O 9. Bb2 a5 10. a3 f6 11. Qc2 e5 12. h3 Be6 13. e3 Rb8 14. Rad1 b5 15. Rfe1 Qb6 16. cxd5 cxd5 17. Qb1 g5 18. Kh2 Rbc8 19. Rc1 Ng6 20. Ng1 f5 21. Ne2 Nf6 22. Rxc8 Rxc8 23. Rc1 Rxc1 24. Qxc1 b4 25. a4 h5 26. Nf3 g4 27. Ng5 Bd7 28.
h4 Bc6 29. d4 e4 30. Nf4 Nxf4 31. gxf4 Bb7 32. Bf1 Ba6 33. Bxa6 Qxa6 34. Kg2 Kf8 35.
Qc2 Ke7 36. Bc1 Kd7 37. Bd2 Ke7 38. Bc1 Nd7 39. Kg1 Nf8 40. Kg2 Ng6 41. Kg1 Nxh4 42. Bd2 Nf3+ 43. Nxf3 gxf3 44. Kh2 Qf1 0-1